Cool Beans, neutral female gnomish Healer ----- --------- |<..---- ------.......-- ------- --------------- |......--|.........--..| |.@...| ------- |.............| --..|....|..--------|).| |.()..| |>...(| --+---+--.----+- ---|.........| ---- |..@..| --- --....|--- |..| ..|-.| ----.|....|--- ----- ---Z--- +.-- ---..|..---|..---|-..--- -----..|..----...-- |.| |..| ---|-.....-|--........--+- ------ |..|....|.....---- |.| |.-- --......|.........[.......| |(...| --...............---.-- --.+ |.......--..--------|--..-- |....| |...%..---...........----- |..| |...{....|--|...).%...|..-- ---|--------....|------..........--|..| |-.......| |/(..?.!*.|...| --- --.---...-|...-|..|..|-...-.......--.|---|...|....|-------------...| |..|-.........|..--|.. ..|--.....---...|.--..|..---...-|.(((| |.......-- |..-...............-.---.-----..---....|..........|-...-...(| |.------- -----.....{....----...............|..........---...|...-|.(.(| |.|.%. |..............-- --+--.---------.........--..|........|------ |.|.%.| -+-----.........| |.|..((| --.......-----|...|....|-..-----.--|-- --..------- |.-.(.(| ---...--- --..|...--.....--......+ ---- --|.)(.| ----- -- --.....---......{..| ------ ---- ----------- Cool Beans the Embalmer Experience level: 6 Strength: 13 Dexterity: 13 Constitution: 13 Intelligence: 9 Wisdom: 14 Charisma: 16 Health: 0(38) Energy: 33(43) Def: 3 Gold: 2194 Moves: 4449 Dungeon seed: dwb4lh0YjpiS3Jfn Game ID: Cool Beans_1512499281 Your Inventory: Coins $ - 2194 gold pieces Amulets J - an uncursed amulet versus poison Weapons p - an uncursed +5 aklys (weapon in hand) Armor a - an uncursed +0 pair of low boots (being worn) e - an uncursed +1 pair of leather gloves (being worn) n - a blessed +1 dwarvish mithril-coat H - an uncursed +0 mummy wrapping Comestibles k - a blessed eucalyptus leaf l - 2 blessed sprigs of wolfsbane m - a blessed clove of garlic Scrolls F - an uncursed scroll of scare monster S - an uncursed scroll of scare monster T - a blessed scroll of create monster Spellbooks A - an uncursed spellbook of protection Potions c - 4 uncursed potions of healing d - 4 uncursed potions of extra healing f - a blessed potion of extra healing j - an uncursed potion of fruit juice s - 2 uncursed potions of sickness G - a cursed potion of levitation K - an uncursed potion of restore ability Rings B - a cursed ring of hunger Wands g - an uncursed wand of sleep (0:7) L - an uncursed wand of digging (0:4) V - an uncursed wand of digging (0:4) Z - an uncursed wand of teleportation (0:8) Tools b - an uncursed stethoscope v - an uncursed oil lamp (0:1405) x - an uncursed skeleton key y - an uncursed towel I - an uncursed oil lamp (0:0) R - an uncursed mirror Gems q - 2 uncursed worthless pieces of orange glass r - an uncursed worthless piece of violet glass z - 2 uncursed worthless pieces of red glass C - 2 uncursed worthless pieces of yellowish brown glass M - a cursed loadstone N - an uncursed worthless piece of white glass O - an uncursed worthless piece of green glass P - an uncursed worthless piece of blue glass W - an uncursed agate X - 3 uncursed worthless pieces of yellow glass Y - an uncursed worthless piece of black glass Spells and supernatural/magical abilities: Name Level Category Fail Memory h - healing 1 healing 8% 78% p - protection 1 clerical 25% 97% x - extra healing 3 healing 28% 78% S - stone to flesh 3 healing 42% 78% W - pray for help -- divine ? -- Your skills at the end: Miscellaneous Skills wands [Basic] stealth [Skilled] Weapon Skills knife [Basic] club [Skilled] crossbow [Basic] Spellcasting Skills healing spells [Basic] Final Attributes: You were piously aligned. You were poison resistant. You were telepathic. You had infravision. You were somewhat stealthy. You are dead. Vanquished creatures: 2 small mimics a giant spider a jaguar a gnome mummy a bugbear a fog cloud a shrieker a kobold mummy a gray ooze 5 elf zombies 2 giant ants 3 floating eyes a kitten a kobold lord a kobold shaman 2 iguanas 3 hill orcs 2 rabid rats a centipede a jitterbug 2 giant bats a monkey 4 orc zombies 3 dwarf zombies a wererat 2 coyotes a gas spore 4 hobbits a large kobold 2 geckos 2 hobgoblins 2 giant rats a cave spider a brown mold a yellow mold a green mold a gnome a gnome zombie 10 jackals a fox 3 newts 2 goblins 8 sewer rats 16 grid bugs 2 bats 7 lichens 4 kobold zombies 116 creatures vanquished. Voluntary challenges: You did not cause conflict. You were not invisible. You did not have reflection. You were not displaced. You had been an atheist until turn 2411. You used a wielded weapon 102 times, starting on turn 98. You did not apply a unicorn horn. You did not use plumbed fixtures. You read items or engraved 15 times, starting on turn 177. You never genocided any monsters. You never polymorphed an object. You never changed form. You used no wishes. You never split a pudding. You never wrote Elbereth's name. You never violated your personal moral code. Dungeon overview: The Dungeons of Doom: levels 1 to 3 Level 1 a long staircase Level 2 (Portal to Moneyland) a fountain portal to Advent Calendar Level 3 stairs to The Gnomish Mines The Gnomish Mines: levels 4 to 7 Level 4 stairs to The Dungeons of Doom Level 5 Level 6 <- You were here many shops, some altars to Athena, a magic chest, some fountains Level 7 Advent Calendar: Level 4 portal to The Dungeons of Doom History has recorded: On T:1 you entered the Dungeons of Doom to retrieve the Amulet of Yendor! On T:366 you reached level 2 of The Dungeons of Doom. On T:573 you reached level 1 of Advent Calendar. On T:768 you reached level 3 of The Dungeons of Doom. On T:1178 you advanced to experience level 2. On T:1229 you reached level 1 of The Gnomish Mines. On T:1307 you advanced to experience level 3. On T:1752 you reached level 2 of The Gnomish Mines. On T:1912 you advanced to experience level 4. On T:2227 you advanced to experience level 5. On T:2242 you reached level 3 of The Gnomish Mines. On T:2330 you entered the Minetown temple On T:2421 you opened a magic chest. On T:3389 you advanced to experience level 6. On T:3693 you reached level 4 of The Gnomish Mines. On T:3850 you prayed to Hermes. Score breakdown: Gold: 459 ( 45 points) Experience: 6 levels ( 500 points) Exploration: 7 levels ( 180 points) Discoveries: 35 items ( 1750 points) Variety of kills: 47 monsters ( 2000 points) Major goal: reached Minetown ( 500 points) Survival: died (score multiplied by 3) Total score: 14925 Latest messages: The golden haze around you becomes less dense. You see here an orc corpse. The golden haze around you disappears. You hear bubbling water. You hit the orc zombie! The orc zombie is heavily wounded. The orc zombie scratches you! You destroy the orc zombie! The priest of Athena intones: "Pilgrim, you enter a sacred place!" You have a strange forbidding feeling... There is an altar to Athena (lawful) here. You see here an uncursed curved sword. You destroy the orc zombie! The human zombie scratches you! You hit the human zombie! The human zombie is moderately wounded. The human zombie scratches you! (2x) You hit the human zombie! The human zombie is almost destroyed. The human zombie scratches you! You die... Final status: Goodbye Cool Beans the Healer, killed by a human zombie... You died in The Gnomish Mines on dungeon level 6 with 14925 points, and 2194 pieces of gold, after 4449 moves. You were level 6 with a maximum of 38 hit points when you died.